cohdb
Replays
Latest Replays
All Replays
Popular Replays
Top Player Replays
Match Explorer
How It Works
Community
CoH3 Stats
Reddit
Sign in to upload your games and track your stats! →
Sign in with Steam
Match 42293750
Unlisted
Match 42293750
Overview
Messages
Build Orders
End
Construct Infanterie Kompanie
Selects Mechanized Battlegroup
Grenadier Squad
MG 42 Machine Gun Team
Pioneer Squad
Medical Station
Grenadier Squad
Construct Luftwaffe Kompanie
Jäger Squad
Selects Raid Package
Infanterie Officer Quarters
Luftwaffe Officer Quarters
Flak 30 Anti-aircraft Gun Team
Selects 8 Rad Armored Car
8 Rad Armored Car
Jäger Squad
VskrivatelEby4ek
Мальвина
DibbeTC
Mad Mac
0
0
Comments
sign in to comment!
No comments posted yet!